 Dungeon Crawl Stone Soup version 0.19-a0-1025-g778f431 (webtiles) character file.

557 4thArraOfDagon the Cudgeler (level 7, -1/105 HPs)
             Began as an Ogre Berserker on July 28, 2016.
             Was a Believer of Trog.
             Slain by Psyche
             ... wielding a +4 dagger of chaos
              (10 damage)
             ... on level 8 of the Dungeon.
             The game lasted 00:05:14 (855 turns).

4thArraOfDagon the Cudgeler (Ogre Berserker)         Turns: 855, Time: 00:05:14

Health: -1/105     AC:  3    Str: 30    XL:     7   Next: 30%
Magic:  6/6        EV: 10    Int:  6    God:    Trog [**....]
Gold:   50         SH:  0    Dex:  9    Spells: 0 memorised, 6 levels left

rFire  . . .     SeeInvis .     y - +0 giant spiked club
rCold  . . .     Gourm    .     b - +0 animal skin
rNeg   . . .     Faith    .     (shield currently unavailable)
rPois  .         Spirit   .     (helmet restricted)
rElec  .         Dismiss  .     (no cloak)
rCorr  .         Reflect  .     (gloves unavailable)
SustAt .         Harm     .     (boots unavailable)
MR     +....                    (no amulet)
Stlth  ..........               (no ring)
                                (no ring)

@: berserking (expiring), lethally poisoned (-1 -> -5), very slightly
contaminated, invisible, very quick, somewhat resistant to hostile enchantments,
extremely unstealthy
A: unfitting armour, blurry vision 1, frail 1, low mp 1, magic resistance 1,
tough skin 1
a: Berserk, Trog's Hand, Burn Spellbooks, Renounce Religion


You were on level 8 of the Dungeon.
You worshipped Trog.
Trog was pleased with you.
You were hungry.

You visited 1 branch of the dungeon, and saw 8 of its levels.

You collected 50 gold pieces.

Inventory:

Hand Weapons
 a - a +0 hand axe
 g - a +0 mace
 y - a +0 giant spiked club (weapon)
Armour
 b - a +0 animal skin (worn)
 n - a +2 shield
Wands
 k - a wand of slowing (17/48)
 p - a wand of lightning (9/15)
Scrolls
 d - a scroll of fear {unknown}
 f - a scroll of teleportation {unknown}
 i - 4 scrolls of identify {unknown}
 j - a scroll of amnesia {unknown}
 r - a scroll of random uselessness {unknown}
 s - a scroll of remove curse {unknown}
 t - 2 scrolls of noise {unknown}
 u - 3 scrolls of enchant weapon {unknown}
 v - a scroll of magic mapping {unknown}
 w - a scroll of vulnerability {unknown}
 x - a scroll of blinking {unknown}
Potions
 e - a potion of magic
 h - 2 potions of curing
 l - a potion of heal wounds {unknown}
 q - 2 potions of agility {unknown}
Books
 m - a book of the Earth

   Spells                             Type                      Level
   a - Leda's Liquefaction            Hexes/Earth                  4
   b - Bolt of Magma                  Conjuration/Fire/Earth       5
   c - Statue Form                    Transmutation/Earth          6
   d - Iron Shot                      Conjuration/Earth            6
   e - Shatter                        Earth                        9
   Trog disapproves of the use of such an item.
Comestibles
 c - a bread ration
 o - a meat ration
 z - 3 chunks of flesh


   Skills:
 + Level 7.1 Fighting
 - Level 2.1(3.6) Axes
 * Level 7.8(8.3) Maces & Flails
 - Level 2.6 Dodging


You had 6 spell levels left.
You didn't know any spells.

Dungeon Overview and Level Annotations

Branches:
Dungeon (8/15)             Temple (0/1) D:4
   Lair: D:8-11

Altars:
Qazlal
Trog

Annotations:
D:6 Sigmund
D:8 Psyche


Innate Abilities, Weirdness & Mutations

You are too large for most types of armour.
You have tough skin. (AC +1)
Scrolls take you a little longer to read.
You are frail. (-10% HP)
Your magical capacity is low. (-10% MP)
You are resistant to hostile enchantments. (MR+)


Message History

Psyche is almost dead.
Psyche gestures wildly while chanting.
Psyche flickers and vanishes!
Deactivating autopickup; reactivate with Ctrl-A.
Something hits you.
* * * LOW HITPOINT WARNING * * *
Unknown command.
You barely miss something. Something hits you.
* * * LOW HITPOINT WARNING * * *
Something hits you.
* * * LOW HITPOINT WARNING * * *
Unknown command.
Unknown command.
You miss something. Something hits you.
* * * LOW HITPOINT WARNING * * *
You are poisoned.
Unknown command.
Unknown command.
You barely miss something.
You feel sick. Something hits you!
You die...

#.......@.....#
#.........#
####.........#
........)....#
######@######
#(# #.#
######.#
#<..@{.#
########


There were no monsters in sight!

Vanquished Creatures
  A sky beast (D:5)
  An ogre (D:8)
  A centaur (D:8)
  2 giant frogs
  A scorpion (D:6)
  A howler monkey (D:8)
  An orc wizard (D:3)
  Robin (D:4)
  An adder (D:4)
  A worm (D:2)
  2 giant geckos
  3 orcs
  A ball python (D:6)
  A giant cockroach (D:2)
  10 goblins
  7 hobgoblins
  2 quokkas
  2 bats
39 creatures vanquished.

Notes
Turn   | Place    | Note
-------+----------+-------------------------------------------
     0 | D:1      | 4thArraOfDagon the Ogre Berserker began the quest for the Orb.
     0 | D:1      | Reached XP level 1. HP: 24/24 MP: 1/1
     0 | D:1      | what
    47 | D:1      | arkorax: ooh axe ogres / trolls are awesome
   137 | D:2      | Reached skill level 1 in Maces & Flails
   138 | D:2      | Reached XP level 2. HP: 33/33 MP: 2/2
   194 | D:4      | Noticed Robin
   203 | D:4      | Killed Robin
   203 | D:4      | Reached XP level 3. HP: 31/40 MP: 3/3
   206 | D:4      | Reached ** piety under Trog
   230 | D:4      | Found a staircase to the Ecumenical Temple.
   244 | D:5      | Entered Level 5 of the Dungeon
   283 | D:3      | Reached skill level 5 in Fighting
   283 | D:3      | Reached XP level 4. HP: 24/50 MP: 4/4
   340 | D:4      | Found a bloodstained altar of Trog.
   423 | D:5      | Noticed a sky beast
   434 | D:5      | Killed a sky beast
   434 | D:5      | Reached skill level 5 in Maces & Flails
   434 | D:5      | Reached XP level 5. HP: 34/59 MP: 5/5
   443 | D:5      | Gained mutation: Your magical capacity is low. (-10% MP) [mutagenic meat]
   449 | D:5      | Gained mutation: You are resistant to hostile enchantments. (MR+) [mutagenic meat]
   455 | D:5      | Gained mutation: You are frail. (-10% HP) [mutagenic meat]
   458 | D:5      | Gained mutation: Scrolls take you a little longer to read. [mutagenic meat]
   461 | D:5      | GTREAT
   493 | D:6      | Noticed a water elemental
   518 | D:6      | Found a stormy altar of Qazlal.
   521 | D:6      | Noticed a fire elemental
   521 | D:6      | Noticed an air elemental
   546 | D:6      | Reached XP level 6. HP: 48/60 MP: 5/5
   588 | D:6      | Noticed a hungry ghost
   597 | D:6      | Noticed Sigmund
   787 | D:8      | Reached XP level 7. HP: 68/68 MP: 6/6
   833 | D:8      | Noticed Psyche
   855 | D:8      | Slain by Psyche

Vault maps used:
D:1:      wheals_arrival_shading, serial_curves, eino_curves_02, eino_curves_01
D:2:      grunt_gozag_statues
D:3:      good_gods_mini_temple, old_standard_altar, old_standard_altar,
          hangedman_decor_growths, uniq_iyjb
D:4:      overflow_temple_1_default, nicolae_overflow_hidden_temple,
          serial_curves, eino_curves_04, eino_curves_02, eino_curves_04,
          eino_curves_02, first_bread, uniq_robin
D:5:      serial_shops, nicolae_shop_behind_doors
D:6:      nicolae_qazlal_style_of_elements, uniq_sigmund
D:7:      old_standard_altar, grunt_livestock, tgw_xom, uniq_crazy_yiuf_cottage
D:8:      gammafunk_temple_overflow_statue, nicolae_overflow_crystal_walls,
          nemelex_lonely_heart_becter, uniq_psyche

Skill      XL: |  1  2  3  4  5  6  7 |
---------------+----------------------+-----
Maces & Flails | 1 2 4 5 6 7 |  7.8
Fighting       | 5 6 7 |  7.1
Axes           | |  2.1
Dodging        | |  2.6

Action                   |  1- 3 |  4- 6 |  7- 9 || total
-------------------------+-------+-------+-------++-------
Melee: Hand axe          |    38 |     3 |       ||    41
       Mace              |     6 |    60 |       ||    66
       Giant spiked club |       |       |    13 ||    13
Invok: Berserk           |     3 |     3 |     1 ||     7
       Trog's Hand       |     1 |     1 |       ||     2
  Use: Potion            |     3 |     1 |       ||     4
  Eat: Chunk             |     1 |    11 |     1 ||    13
Armor: Animal skin       |    11 |    10 |     2 ||    23
Dodge: Dodged            |    25 |    27 |     3 ||    55
Block: Shield            |       |    10 |       ||    10
